3AA
GLENDALE HERONS @ VIRGINIA BEACH DEUCES
08/11/2027
 
TOP OF THE 1ST
Glendale Herons batting - Pitching for Virginia Beach Deuces : RHP Stanley Eldrige
Pitching: RHP Stanley Eldrige
Batting: RHB James Pike 0-0: Bunt for hit - play at first, batter OUT! 5-3
Batting: SHB Glyn Bolasky 0-0: Called Strike
0-1: Ball
1-1: SINGLE (Groundball, 34D)
Batting: RHB Arsenio Laurel 0-0: Ball
Glyn Bolasky steals 2nd base
1-0: Ball
2-0: Ball
3-0: Base on Balls
Batting: RHB Christian Turner 0-0: Ball
1-0: Ball
2-0: Ball
3-0: Base on Balls
Glyn Bolasky to third
Arsenio Laurel to second
Batting: SHB Jesús Herrera 0-0: Ball
1-0: Called Strike
1-1: Ball
2-1: Foul Ball, location: 2F
2-2: Foul Ball, location: 2F
2-2: Fly out, F8 (Flyball, 8LS)
Runner from 3rd tags up, SCORES, no throw
Batting: RHB Takechi Okubo 0-0: Ball
1-0: Foul Ball, location: 2F
1-1: Ball
2-1: Ball
3-1: Fielders Choice at 2nd, 6-4 (Groundball, 6)
Top of the 1st over - 1 run(s), 1 hit(s), 0 error(s), 1 left on base; Glendale 1 - Virginia Beach 0
BOTTOM OF THE 1ST
Virginia Beach Deuces batting - Pitching for Glendale Herons : RHP Mike Barrett
Pitching: RHP Mike Barrett
Batting: RHB Rodney Dudley 0-0: Called Strike
0-1: Ball
1-1: Ball
2-1: Called Strike
2-2: Foul Ball, location: 2F
2-2: Strikes out looking
Batting: RHB Robert Emmet Odlum 0-0: Ball
1-0: Swinging Strike
1-1: Foul Ball, location: 2F
1-2: SINGLE (Groundball, 56D)
Batting: LHB Kendrick Sullivan 0-0: Called Strike
0-1: Ball
1-1: DOUBLE (Flyball, 8LXD)
Robert Emmet Odlum to third
Runner from 3rd tries for Home, SAFE, no throw
Batting: LHB Atílio Mansilhas 0-0: Swinging Strike
0-1: DOUBLE (Flyball, 9LM)
Kendrick Sullivan scores
Batting: SHB Carlos Pérez 0-0: Ball
Atílio Mansilhas steals 3rd base
1-0: Foul Ball, location: 2F
1-1: Ball
2-1: Foul Ball, location: 2F
2-2: Ball
3-2: Base on Balls
Batting: RHB Reg Spiers 0-0: Foul Ball, location: 2F
0-1: Fly out, F4 (Popup, 3D)
Batting: RHB Dennis Dudash 0-0: Called Strike
0-1: Foul Ball, location: 2F
0-2: Strikes out looking
Bottom of the 1st over - 2 run(s), 3 hit(s), 0 error(s), 2 left on base; Glendale 1 - Virginia Beach 2
TOP OF THE 2ND
Glendale Herons batting - Pitching for Virginia Beach Deuces : RHP Stanley Eldrige
Batting: SHB Raúl Duarte 0-0: Called Strike
0-1: Ground out U3 (Groundball, 3S)
Batting: RHB Ramón Hernández 0-0: Swinging Strike
0-1: Ball
1-1: Foul Ball, location: 2F
1-2: Strikes out swinging
Batting: RHB Santiago Ramos 0-0: Called Strike
0-1: Ball
1-1: Ground out U3 (Groundball, 34)
Top of the 2nd over - 0 run(s), 0 hit(s), 0 error(s), 0 left on base; Glendale 1 - Virginia Beach 2
BOTTOM OF THE 2ND
Virginia Beach Deuces batting - Pitching for Glendale Herons : RHP Mike Barrett
Batting: LHB Félix González 0-0: Ball
1-0: Ball
2-0: Called Strike
2-1: Fly out, F9 (Flyball, 9LMF)
Batting: RHB Clarence Weber 0-0: Called Strike
0-1: Ground out 4-3 (Groundball, 4)
Batting: RHB Rodney Dudley 0-0: Called Strike
0-1: Foul Ball, location: 2F
0-2: Ball
1-2: Foul Ball, location: 2F
1-2: DOUBLE (Line Drive, 7LM)
Batting: RHB Robert Emmet Odlum 0-0: Called Strike
0-1: Ball
1-1: Ball
2-1: Ball
3-1: Base on Balls
Batting: LHB Kendrick Sullivan 0-0: Ball
1-0: Ball
2-0: Ball
3-0: Base on Balls
Rodney Dudley to third
Robert Emmet Odlum to second
Batting: LHB Atílio Mansilhas 0-0: Called Strike
0-1: Ground out 5-3 (Groundball, 56)
Bottom of the 2nd over - 0 run(s), 1 hit(s), 0 error(s), 3 left on base; Glendale 1 - Virginia Beach 2
TOP OF THE 3RD
Glendale Herons batting - Pitching for Virginia Beach Deuces : RHP Stanley Eldrige
Batting: RHB James Pike 0-0: DOUBLE (Line Drive, 8RD)
Batting: SHB Glyn Bolasky 0-0: Ground out 4-3 (Groundball, 4)
James Pike to third
Batting: RHB Arsenio Laurel 0-0: Called Strike
0-1: Called Strike
0-2: SINGLE (Groundball, 56D)
James Pike scores
Batting: RHB Christian Turner 0-0: Ball
1-0: Foul Ball, location: 2F
1-1: Called Strike
Arsenio Laurel steals 2nd base
1-2: Reached on error, E5 (Groundball, 56)
Arsenio Laurel scores
Batting: SHB Jesús Herrera 0-0: Ball
1-0: Ball
2-0: Ball
3-0: Called Strike
3-1: Base on Balls
Batting: RHB Takechi Okubo 0-0: Ball
1-0: Ball
2-0: 3-RUN HOME RUN (Flyball, 89XD), Distance : 407 ft
Batting: SHB Raúl Duarte 0-0: Ball
1-0: Called Strike
1-1: Called Strike
1-2: Foul Ball, location: 2F
1-2: Ball
2-2: SINGLE (Line Drive, 8RS)
Batting: RHB Ramón Hernández 0-0: Ball
1-0: Fly out, F9 (Flyball, 89M)
Batting: RHB Santiago Ramos 0-0: Called Strike
0-1: SINGLE (Groundball, 6D)
Raúl Duarte to second
Batting: RHB James Pike 0-0: Fly out, F4 (Popup, 4)
Top of the 3rd over - 5 run(s), 5 hit(s), 1 error(s), 2 left on base; Glendale 6 - Virginia Beach 2
BOTTOM OF THE 3RD
Virginia Beach Deuces batting - Pitching for Glendale Herons : RHP Mike Barrett
Batting: SHB Carlos Pérez 0-0: Called Strike
0-1: Ball
1-1: Swinging Strike
1-2: Foul Ball, location: 2F
1-2: Ball
2-2: Ground out 1-3 (Groundball, P)
Batting: RHB Reg Spiers 0-0: Ball
1-0: Ball
2-0: Fly out, F9 (Flyball, 9S)
Batting: RHB Dennis Dudash 0-0: Ball
1-0: Foul Ball, location: 2F
1-1: Called Strike
1-2: Foul Ball, location: 2F
1-2: DOUBLE (Groundball, 5L)
Batting: LHB Félix González 0-0: Foul Ball, location: 2F
0-1: Ground out 4-3 (Groundball, 4)
Bottom of the 3rd over - 0 run(s), 1 hit(s), 0 error(s), 1 left on base; Glendale 6 - Virginia Beach 2
TOP OF THE 4TH
Glendale Herons batting - Pitching for Virginia Beach Deuces : RHP Stanley Eldrige
Batting: SHB Glyn Bolasky 0-0: Called Strike
0-1: Foul Ball, location: 2F
0-2: Ball
1-2: Ball
2-2: Foul Ball, location: 2F
2-2: Foul Ball, location: 2F
2-2: Ball
3-2: Foul Ball, location: 2F
3-2: Strikes out swinging
Batting: RHB Arsenio Laurel 0-0: Called Strike
0-1: SINGLE (Flyball, 78S)
Batting: RHB Christian Turner 0-0: Ball
1-0: Called Strike
1-1: Ball
2-1: Called Strike
2-2: Foul Ball, location: 2F
2-2: Fly out, F4 (Popup, 4M)
Batting: SHB Jesús Herrera 0-0: Called Strike
0-1: Ball
1-1: Swinging Strike
1-2: Ball
2-2: Foul Ball, location: 2F
2-2: Fly out, F6 (Popup, 6S)
Top of the 4th over - 0 run(s), 1 hit(s), 0 error(s), 1 left on base; Glendale 6 - Virginia Beach 2
BOTTOM OF THE 4TH
Virginia Beach Deuces batting - Pitching for Glendale Herons : RHP Mike Barrett
Batting: RHB Clarence Weber 0-0: Ball
1-0: SINGLE (Line Drive, 34)
Batting: RHB Rodney Dudley 0-0: Swinging Strike
0-1: Ball
1-1: Swinging Strike
1-2: SINGLE (Line Drive, 6)
Clarence Weber to second
Pitching: RHP António Navarro
Batting: RHB Robert Emmet Odlum 0-0: Foul Ball, location: 2F
0-1: Foul Ball, location: 2F
0-2: Reached on error, E5 (Groundball, 5)
Clarence Weber to third
Rodney Dudley to second
Batting: LHB Kendrick Sullivan 0-0: Called Strike
0-1: Foul Ball, location: 2F
0-2: GRAND SLAM HOME RUN (Flyball, 89XD), Distance : 419 ft
Batting: LHB Atílio Mansilhas 0-0: Called Strike
0-1: Ball
1-1: Foul Ball, location: 2F
1-2: Ball
2-2: Fly out, F7 (Flyball, 7)
Batting: SHB Carlos Pérez 0-0: Ball
1-0: Ball
2-0: Ball
3-0: Base on Balls
Batting: RHB Reg Spiers 0-0: Ball
1-0: Ball
2-0: Foul Ball, location: 2F
2-1: Foul Ball, location: 2F
2-2: Ball
3-2: Grounds into double play, 6-4-3 (Groundball, 6M)
Bottom of the 4th over - 4 run(s), 3 hit(s), 1 error(s), 0 left on base; Glendale 6 - Virginia Beach 6
TOP OF THE 5TH
Glendale Herons batting - Pitching for Virginia Beach Deuces : RHP Stanley Eldrige
Pitching: RHP Ronaldo Baghina
Batting: RHB Takechi Okubo 0-0: Called Strike
0-1: Ball
1-1: Fly out, F9 (Line Drive, 9)
Batting: SHB Raúl Duarte 0-0: Swinging Strike
0-1: Fly out, F8 (Flyball, 8LM)
Batting: RHB Ramón Hernández 0-0: Called Strike
0-1: Ball
1-1: SINGLE (Flyball, 9LS)
Batting: RHB Santiago Ramos 0-0: Ball
1-0: Called Strike
1-1: Swinging Strike
1-2: Strikes out swinging
Top of the 5th over - 0 run(s), 1 hit(s), 0 error(s), 1 left on base; Glendale 6 - Virginia Beach 6
BOTTOM OF THE 5TH
Virginia Beach Deuces batting - Pitching for Glendale Herons : RHP António Navarro
Batting: RHB Dennis Dudash 0-0: Ball
1-0: Called Strike
1-1: Ball
2-1: Bunt for hit - play at first, batter OUT! 2-3
Batting: LHB Félix González 0-0: Ball
1-0: Called Strike
1-1: Ball
2-1: Foul Ball, location: 2F
2-2: Fly out, F7 (Flyball, 7)
Batting: RHB Clarence Weber 0-0: Swinging Strike
0-1: Ball
1-1: Ball
2-1: Called Strike
2-2: Strikes out swinging
Bottom of the 5th over - 0 run(s), 0 hit(s), 0 error(s), 0 left on base; Glendale 6 - Virginia Beach 6
TOP OF THE 6TH
Glendale Herons batting - Pitching for Virginia Beach Deuces : RHP Ronaldo Baghina
Batting: RHB James Pike 0-0: Ball
1-0: Ball
2-0: Called Strike
2-1: SINGLE (Groundball, 6D)
Batting: SHB Glyn Bolasky 0-0: Ball
1-0: Sac Bunt - play at first, batter OUT! 1-4
James Pike to second
Batting: RHB Arsenio Laurel 0-0: Intentional Walk
Batting: RHB Christian Turner 0-0: Grounds into double play, 5-4-3 (Groundball, 56)
Top of the 6th over - 0 run(s), 1 hit(s), 0 error(s), 1 left on base; Glendale 6 - Virginia Beach 6
BOTTOM OF THE 6TH
Virginia Beach Deuces batting - Pitching for Glendale Herons : RHP António Navarro
Batting: RHB Rodney Dudley 0-0: Ball
1-0: Ball
2-0: Ball
3-0: Foul Ball, location: 2F
3-1: Foul Ball, location: 2F
3-2: Base on Balls
Batting: RHB Robert Emmet Odlum 0-0: Sac Bunt - play at first, batter OUT! 1-4
Rodney Dudley to second
Batting: LHB Kendrick Sullivan 0-0: Ball
1-0: Ball
2-0: Ball
3-0: Foul Ball, location: 2F
3-1: Fly out, F8 (Flyball, 8RD)
Runner from 2nd tags up, SAFE at 3rd, no throw
Batting: LHB Atílio Mansilhas 0-0: Ball
1-0: Called Strike
1-1: Ball
2-1: Ball
3-1: Base on Balls
Batting: SHB Carlos Pérez 0-0: Ball
1-0: Foul Ball, location: 2F
1-1: Reached via error on a dropped throw, E6
Rodney Dudley scores
Atílio Mansilhas to second
Pitching: RHP Salvador Torres
Batting: RHB Reg Spiers 0-0: Ball
1-0: Ball
2-0: Ball
3-0: Called Strike
3-1: Fielders Choice at 2nd, 6-4 (Groundball, 6)
Bottom of the 6th over - 1 run(s), 0 hit(s), 1 error(s), 1 left on base; Glendale 6 - Virginia Beach 7
TOP OF THE 7TH
Glendale Herons batting - Pitching for Virginia Beach Deuces : RHP Ronaldo Baghina
Batting: SHB Jesús Herrera 0-0: Ball
1-0: Ball
2-0: Fly out, F6 (Line Drive, 6)
Batting: RHB Takechi Okubo 0-0: Called Strike
0-1: Called Strike
0-2: Ball
1-2: Strikes out swinging
Batting: SHB Raúl Duarte 0-0: Ball
1-0: Called Strike
1-1: Ball
2-1: Called Strike
2-2: Foul Ball, location: 2F
2-2: Foul Ball, location: 2F
2-2: Ball
3-2: Base on Balls
Pinch Hitting: RHB Restin P. Surambe 0-0: Called Strike
Raúl Duarte steals 2nd base
0-1: Ball
1-1: Swinging Strike
1-2: Ball
2-2: Ball
3-2: Foul Ball, location: 2F
3-2: Base on Balls
Pitching: RHP Shigeko Sakoda
Batting: RHB Santiago Ramos 0-0: Foul Ball, location: 2F
0-1: Foul Ball, location: 2F
0-2: Ball
1-2: Strikes out swinging
Top of the 7th over - 0 run(s), 0 hit(s), 0 error(s), 2 left on base; Glendale 6 - Virginia Beach 7
BOTTOM OF THE 7TH
Virginia Beach Deuces batting - Pitching for Glendale Herons : RHP Salvador Torres
Now in RF: Restin P. Surambe
Batting: RHB Dennis Dudash 0-0: Ball
1-0: Ball
2-0: Foul Ball, location: 2F
2-1: Ground out 6-3 (Groundball, 6)
Batting: LHB Félix González 0-0: SINGLE (Line Drive, 78S)
Pinch Hitting: LHB Alfonso Núñez 0-0: Ball
1-0: Ball
2-0: Swinging Strike
2-1: Foul Ball, location: 2F
2-2: Ball
3-2: Base on Balls
Félix González to second
Pinch Hitting: RHB Zander Bailey 0-0: Ball
1-0: Fly out, F8 (Flyball, 89M)
Batting: RHB Robert Emmet Odlum 0-0: Ball
1-0: Swinging Strike
1-1: Ball
2-1: Ground out 5-3 (Groundball, 56S)
Bottom of the 7th over - 0 run(s), 1 hit(s), 0 error(s), 2 left on base; Glendale 6 - Virginia Beach 7
TOP OF THE 8TH
Glendale Herons batting - Pitching for Virginia Beach Deuces : RHP Shigeko Sakoda
Pitching: RHP Enrique Castillo
Now at 2B: Zander Bailey
Now in LF: Alfonso Núñez
Batting: RHB James Pike 0-0: Ball
1-0: Foul Ball, location: 2F
1-1: Called Strike
1-2: Ball
2-2: Ball
3-2: Strikes out swinging
Batting: SHB Glyn Bolasky 0-0: Ball
1-0: Swinging Strike
1-1: Ball
2-1: Foul Ball, location: 2F
2-2: Foul Ball, location: 2F
2-2: Ball
3-2: Base on Balls
Batting: RHB Arsenio Laurel 0-0: Called Strike
0-1: Ball
1-1: Swinging Strike
1-2: Ball
2-2: Foul Ball, location: 2F
2-2: Strikes out looking
Pinch Hitting: LHB Jim Unknown 0-0: Foul Ball, location: 2F
0-1: SINGLE (Flyball, 89S)
Glyn Bolasky to second
Runner from 2nd tries for 3rd, SAFE, throw made to third
Jim Unknown to second
Pinch Hitting: RHB Cristián Lima 0-0: Called Strike
0-1: Called Strike
0-2: Ball
1-2: Strikes out swinging
Top of the 8th over - 0 run(s), 1 hit(s), 0 error(s), 2 left on base; Glendale 6 - Virginia Beach 7
BOTTOM OF THE 8TH
Virginia Beach Deuces batting - Pitching for Glendale Herons : RHP Salvador Torres
Now at 2B: Salvador Bueno
Now in LF: Cristián Lima
Batting: LHB Kendrick Sullivan 0-0: Ball
1-0: Fly out, F8 (Flyball, 8RM)
Batting: LHB Atílio Mansilhas 0-0: Called Strike
0-1: Swinging Strike
0-2: Strikes out swinging
Batting: SHB Carlos Pérez 0-0: Swinging Strike
0-1: Ball
1-1: Foul Ball, location: 2F
1-2: Ball
2-2: Strikes out swinging
Bottom of the 8th over - 0 run(s), 0 hit(s), 0 error(s), 0 left on base; Glendale 6 - Virginia Beach 7
TOP OF THE 9TH
Glendale Herons batting - Pitching for Virginia Beach Deuces : RHP Enrique Castillo
Pitching: LHP Aurelio Ornelas
Now at C: Salvadaro Meireles
Now in CF: Gabriel Pittman
Batting: RHB Takechi Okubo 0-0: Ball
1-0: Ball
2-0: Called Strike
2-1: Called Strike
2-2: Ball
3-2: Strikes out swinging
Pinch Hitting: RHB Álex Cordero 0-0: Ball
1-0: Ball
2-0: Called Strike
2-1: Fly out, F9 (Flyball, 9S)
Batting: RHB Restin P. Surambe 0-0: Ball
1-0: Foul Ball, location: 2F
1-1: Ball
2-1: SINGLE (Groundball, 6S) (infield hit)
Pinch Runner at 1st Pedro Vásquez:
Pinch Hitting: RHB José Villegas 0-0: Ball
1-0: Ball
2-0: Called Strike
2-1: Foul Ball, location: 2F
2-2: Ball
3-2: Fly out, F9 (Flyball, 9LS)
Top of the 9th over - 0 run(s), 1 hit(s), 0 error(s), 1 left on base; Glendale 6 - Virginia Beach 7
Saturday, May 26th, 2018 - OOTP Baseball 17.12 Build 75